 Dungeon Crawl Stone Soup version 0.23.0 (webtiles) character file.

Game seed: 15870766220198668103

160 Borgoz the Sneak (level 5, 0/40 HPs)
             Began as a Ghoul Enchanter on Feb 17, 2019.
             Slain by an iguana (8 damage)
             ... on level 4 of the Dungeon.
             The game lasted 00:10:54 (4489 turns).

Borgoz the Sneak (Ghoul Enchanter)                  Turns: 4489, Time: 00:10:55

Health: 0/40       AC:  9    Str: 12    XL:     5   Next: 41%
Magic:  7/7        EV: 11    Int: 10    God:
Gold:   245        SH:  0    Dex: 10    Spells: 5/8 levels left

rFire    . . .     SeeInvis .   a - +1 dagger
rCold    + . .     Gourm    .   (no shield)
rNeg     + + +     Faith    .   v - +3 ring mail
rPois    ∞         Spirit   .   (no helmet)
rElec    .         Reflect  .   (no cloak)
rCorr    .         Harm     .   (no gloves)
MR       .....                  e - +0 pair of boots
Stlth    ++........             (no amulet)
HPRegen  0.00/turn              (no ring)
MPRegen  0.10/turn              (no ring)

@: rotting
A: rotting body, claws 1, carnivore, cold resistance 1, negative energy
resistance 3, inhibited regeneration, torment resistance, unbreathing
a: no special abilities


You were on level 4 of the Dungeon.
You were not hungry.

You visited 1 branch of the dungeon, and saw 4 of its levels.

You collected 245 gold pieces.

Inventory:

Hand Weapons
 a - a +1 dagger (weapon)
 b - a +0 blowgun
Missiles
 q - 11 poisoned needles
Armour
 e - a +0 pair of boots (worn)
 p - a +0 robe
 v - a +3 ring mail (worn)
Jewellery
 f - an uncursed ring of positive energy
Wands
 o - a wand of scattershot (4)
Scrolls
 g - a scroll of random uselessness {unknown}
 i - a scroll of teleportation {unknown}
 k - a scroll of identify {unknown}
 l - 2 scrolls of amnesia {unknown}
 n - a scroll of fear {unknown}
 s - 3 scrolls of enchant armour {unknown}
 t - 2 scrolls of remove curse {unknown}
Potions
 c - 2 potions of heal wounds {unknown}
 h - a potion of flight
 j - a potion of magic {unknown}
 m - a potion of berserk rage {unknown}
 r - a potion of cancellation {unknown}
Comestibles
 d - 3 rations


   Skills:
 + Level 1.5 Fighting
 * Level 2.3 Short Blades
 * Level 2.7 Dodging
 + Level 4.0 Stealth
 + Level 2.1 Spellcasting
 + Level 2.7 Hexes
 - Level 1.0 Ice Magic


You had 5 spell levels left.
You knew the following spells:

 Your Spells              Type           Power        Failure   Level  Hunger
a - Corona                Hex            #......      22%         1    ##.....
b - Ensorcelled Hibernat  Hex/Ice        #.....       43%         2    ###....

Your spell library contained the following spells:

 Spells                   Type           Power        Failure   Level  Hunger
 Confuse                  Hex            #.......     56%         3    ####...
 Tukima's Dance           Hex            #.......     56%         3    ####...
 Dazzling Spray           Conj/Hex       #.....       75%         3    ####...


Dungeon Overview and Level Annotations

Branches:
Dungeon (4/15)
 Temple: D:4-7

Altars:
Uskayaw
Wu Jian


Innate Abilities, Weirdness & Mutations

Your body is rotting away.
You thrive on raw meat.
You are immune to poison.
You have sharp fingernails.
You are carnivorous and can eat meat at any time.
Your flesh is cold resistant. (rC+)
You are immune to negative energy. (rN+++)
You do not regenerate when monsters are visible.
You are immune to unholy pain and torment.
You can survive without breathing.


Message History

The iguana is almost dead.
The iguana barely misses you.
You hit the iguana but do no damage.
The iguana is almost dead.
You barely miss the iguana.
The iguana is almost dead.
The iguana barely misses you.
You hit the iguana but do no damage.
The iguana is almost dead.
The iguana bites you but does no damage.
You hit the iguana.
The iguana is almost dead.
The iguana closely misses you.
You closely miss the iguana.
The iguana is almost dead.
The iguana bites you but does no damage.
You hit the iguana.
The iguana is almost dead.
The iguana bites you!
You die...

########## #### .........###
###....
...........###########.......
.....................#.......
..............................
................................
.....######.....................
...............l..##..........#
.....##.....####@.............#
......#.......................# .
......#.............#.......###..
..[...+...>..........÷...........
......#...........#...#..........
......#...........#...###........
......####.............÷.........
......# ...##.........##...###..
####### .........##........


You could see an iguana.

Vanquished Creatures
  4 adders
  4 oozes
  6 worms
  2 dart slugs (D:2)
  2 leopard geckos
  3 orcs
  6 giant cockroaches
  11 hobgoblins
  5 jackals (D:2)
  A quokka (D:4)
  6 bats
  6 frilled lizards
  6 goblins
  10 kobolds
  11 rats
83 creatures vanquished.

Notes
Turn   | Place    | Note
-------+----------+-------------------------------------------
     0 | D:1      | Borgoz the Ghoul Enchanter began the quest for the Orb.
     0 | D:1      | Reached XP level 1. HP: 14/14 MP: 2/2
    44 | D:1      | Reached skill level 1 in Short Blades
   281 | D:1      | Reached XP level 2. HP: 19/22 MP: 3/3
   318 | D:1      | Learned a level 2 spell: Ensorcelled Hibernation
   743 | D:1      | Reached skill level 1 in Fighting
   743 | D:1      | Reached XP level 3. HP: 26/28 MP: 4/4
  1221 | D:2      | Reached XP level 4. HP: 24/35 MP: 6/6
  2566 | D:2      | Reached XP level 5. HP: 40/40 MP: 2/7
  3271 | D:3      | Reached skill level 4 in Stealth
  3652 | D:3      | Reached skill level 1 in Ice Magic
  3805 | D:3      | Found a hide-covered altar of Uskayaw.
  3805 | D:3      | Found an ornate altar of the Wu Jian Council.
  4370 | D:4      | Noticed an ogre
  4489 | D:4      | Slain by an iguana

Skill      XL: |  1  2  3  4  5 |
---------------+----------------+-----
Short Blades   | 1 2 |  2.3
Dodging        | 2 |  2.7
Fighting       | 1 |  1.5
Spellcasting   | 2 |  2.1
Stealth        | 4 |  4.0
Ice Magic      | 1 |  1.0
Hexes          | |  2.7

Action                   |  1- 3 |  4- 6 || total
-------------------------+-------+-------++-------
Melee: Dagger            |   157 |   258 ||   415
 Cast: Corona            |     1 |     9 ||    10
       Ensorcelled Hiber |       |    18 ||    18
  Use: Potion            |       |     2 ||     2
       Scroll            |       |     1 ||     1
 Stab: Sleeping          |     3 |    15 ||    18
       Distracted        |       |     1 ||     1
  Eat: Chunk             |    13 |    19 ||    32
Armor: Robe              |    16 |    45 ||    61
       Ring mail         |       |     5 ||     5
Dodge: Dodged            |    91 |   128 ||   219
